 Dungeon Crawl Stone Soup version 0.21-a0-641-geef9d7f (webtiles) character file.

10 mopl the Insei (level 2, 0/21 HPs)
             Began as a Barachi Transmuter on Dec 30, 2017.
             Slain by a gnoll
             ... wielding a cursed -2 spear
              (3 damage)
             ... on level 1 of the Dungeon.
             The game lasted 00:01:04 (600 turns).

mopl the Insei (Barachi Transmuter)                  Turns: 600, Time: 00:01:06

Health: 0/21       AC:  2    Str: 11    XL:     2   Next: 20%
Magic:  1/5        EV: 12    Int: 13    God:
Gold:   37         SH:  0    Dex: 12    Spells: 3/6 levels left

rFire    . . .     SeeInvis .     - Unarmed
rCold    . . .     Gourm    .   (no shield)
rNeg     . . .     Faith    .   b - +0 robe
rPois    .         Spirit   .   (no helmet)
rElec    .         Reflect  .   (no cloak)
rCorr    .         Harm     .   (no gloves)
MR       .....                  (no boots)
Stlth    +.........             (no amulet)
HPRegen  0.07/turn              (no ring)
MPRegen  0.09/turn              (no ring)

@: can't hop, very slightly contaminated, slow
A: +LOS, swims, slowness 1, strong legs 1
a: Hop


You were on level 1 of the Dungeon.
You were not hungry.

You visited 1 branch of the dungeon, and saw 1 of its levels.

You collected 37 gold pieces.

Inventory:

Missiles
 a - 63 arrows
Armour
 b - a +0 robe (worn)
Scrolls
 e - a scroll of enchant armour {unknown}
 g - 3 scrolls of amnesia {unknown}
Potions
 f - a potion of brilliance {unknown}
Books
 c - a book of Changes

   Spells                             Type                      Level
   a - Beastly Appendage              Transmutation                1
   b - Sticks to Snakes               Transmutation                2
   c - Spider Form                    Transmutation/Poison         3
   d - Ice Form                       Ice/Transmutation            4
   e - Blade Hands                    Transmutation                5
Comestibles
 d - a ration
 h - a chunk of flesh


   Skills:
 - Level 1.2 Fighting
 - Level 2.1 Dodging
 + Level 3.5 Unarmed Combat
 + Level 2.5 Spellcasting
 + Level 2.5 Transmutations


You had 3 spell levels left.
You knew the following spells:

 Your Spells              Type           Power        Failure   Level  Hunger
a - Beastly Appendage     Tmut           #.....       9%          1    #......
w - Sticks to Snakes      Tmut           #.......     13%         2    ###....


Dungeon Overview and Level Annotations

Branches:
Dungeon (1/15)

Altars:


Innate Abilities, Weirdness & Mutations

Shadows flee at your approach. (+LOS)
You can swim through water.
You cover ground slowly.
You can hop short distances.


Message History

g - Hop Adjust to which letter? h - Hop
Casting: Beastly Appendage
Confirm with . or Enter, or press ? or * to list all spells.
You don't know that spell.
Casting: Beastly Appendage
Confirm with . or Enter, or press ? or * to list all spells.
You miscast Sticks to Snakes.
You are very lightly contaminated with residual magic.
Nothing appears to happen.
Unknown command.
Casting: Sticks to Snakes
Confirm with . or Enter, or press ? or * to list all spells.
You create a snake!
You now have 63 arrows.
The gnoll hits your ball python with an enchanted spear.
Your ball python dies!
Your talons disappear.
The gnoll hits you with an enchanted spear.
You die...

#.# #.# #.#.# #.#
#.####.#.# #.# #....#.#.#
#.# ####.#.#.# #.# #.#.#.#
#.# #.#.#.# #########
###.#.# ........####....##
####.##...###.##@##
.##...###..#....g.########
.##.⌠.# ##.##.............
.##...####.#####.#########
####.###...# #.#
####.###.⌠.# #.#
.........(.# #.###
.......##.## #...#
.[.........# ###.#


You could see a gnoll.

Vanquished Creatures
  A leopard gecko (D:1)
  2 bats (D:1)
  A goblin (D:1)
  A hobgoblin (D:1)
  2 frilled lizards (D:1)
  3 rats (D:1)
10 creatures vanquished.

Notes
Turn   | Place    | Note
-------+----------+-------------------------------------------
     0 | D:1      | mopl the Barachi Transmuter began the quest for the Orb.
     0 | D:1      | Reached XP level 1. HP: 15/15 MP: 3/3
   208 | D:1      | Reached XP level 2. HP: 2/21 MP: 3/5
   226 | D:1      | Learned a level 2 spell: Sticks to Snakes
   600 | D:1      | Slain by a gnoll

Vault maps used:
D:1:      dpeg_arrival_chambers_temple_mockup, serial_bayou_pond_a

Action                   || total
-------------------------++-------
Melee: Unarmed           ||    29
       Headbutt          ||     3
       Kick              ||     2
 Cast: Beastly Appendage ||     9
       Sticks to Snakes  ||     1
 Abil: Hop               ||     1
 Stab: Sleeping          ||     2
Armor: Robe              ||     3
Dodge: Dodged            ||    17

Table legend:
 A = Spawn XP
 B = Non-spawn XP
 C = Spawn XP percentage of total XP
 D = Spawn monster count
 E = Non-spawn monster count
 F = Spawn count percentage of total count
 G = Total turns spent on level
                    A         B        C        D         E        F      G
               +---------+---------+-------+---------+---------+-------+---------
         Total |       0 |      15 |   0.0 |       0 |      10 |   0.0 |   600
               +---------+---------+-------+---------+---------+-------+---------
           D:1 |       0 |      15 |   0.0 |       0 |      10 |   0.0 |   600
               +---------+---------+-------+---------+---------+-------+---------
